 Dungeon Crawl Stone Soup version 0.25.1-1-g288607f5aa (webtiles) character file.

Game seed: 11069297095747142809

8679 H0rd4k the Martial Artist (level 11, -27/108 HPs)
             Began as an Octopode Transmuter on July 22, 2020.
             Was an Initiate of Gozag.
             Killed from afar by an ice statue (32 damage)
             ... with a bolt of cold
             ... in an ice cave.
             The game lasted 00:30:31 (14133 turns).

H0rd4k the Martial Artist (Octopode Transmuter)    Turns: 14133, Time: 00:30:31

Health: -27/108    AC:  5    Str: 17    XL:     11   Next: 34%
Magic:  20/20      EV: 15    Int: 18    God:    Gozag
Gold:   1205       SH:  0    Dex: 12    Spells: 11/22 levels left

rFire    . . .     SeeInvis .     - Unarmed
rCold    . . .     Gourm    .   (no shield)
rNeg     . . .     Faith    .   (helmet restricted)
rPois    +         Spirit   .   (no amulet)
rElec    .         Reflect  .   f - +4 ring of protection
rCorr    .         Harm     .   B - +6 ring of strength
MR       .....                  F - ring of poison resistance
Stlth    ..........             (no ring)
HPRegen  0.28/turn              (no ring)
MPRegen  0.17/turn              (no ring)
                                (no ring)
                                (no ring)

@: berserking (expiring), very quick
A: almost no armour, stealthy swim, amphibious, 8 rings, constrict 8, camouflage
1, gelatinous body 1
a: Potion Petition, Call Merchant, Bribe Branch, Renounce Religion


You were in an ice cave.
You worshipped Gozag.
Gozag was most pleased with you.
You were not hungry.

You visited 2 branches of the dungeon, and saw 12 of its levels.
You also visited: Sewer and Ice Cave.

You collected 1261 gold pieces.
You paid 56 gold pieces to Gozag.

Inventory:

Missiles
 a - 126 arrows
 r - 6 silver javelins
 s - 30 poisoned darts (quivered)
Magical Staves
 K - an uncursed staff of poison
Jewellery
 f - a +4 ring of protection (left tentacle)
 B - a +6 ring of strength (right tentacle)
 F - a ring of poison resistance (on tentacle)
Wands
 e - a wand of paralysis (6)
 i - a wand of iceblast (10)
 x - a wand of flame (1)
 E - a wand of disintegration (1)
 G - a wand of polymorph (9)
 J - a wand of acid (7)
Scrolls
 g - 2 scrolls of remove curse
 h - 2 scrolls of magic mapping
 j - 10 scrolls of teleportation
 k - a scroll of immolation
 q - a scroll of noise
 t - 2 scrolls of amnesia
 y - a scroll of fog {unknown}
 C - a scroll of enchant weapon {unknown}
 D - a scroll of enchant armour
 I - a scroll of torment {unknown}
Potions
 b - a potion of magic
 d - 2 potions of might
 l - 13 potions of curing
 m - a potion of degeneration
 o - 2 potions of resistance
 p - 3 potions of ambrosia
 u - 2 potions of stabbing
 v - 4 potions of heal wounds
 w - 2 potions of brilliance
 z - 3 potions of flight
Comestibles
 c - 19 rations


   Skills:
 * Level 5.5 Fighting
 + Level 0.1 Throwing
 + Level 4.9 Dodging
 + Level 8.1 Stealth
 * Level 11.0 Unarmed Combat
 + Level 6.4 Spellcasting
 + Level 7.3 Transmutations
 + Level 1.4 Poison Magic
 + Level 2.5 Evocations


You had 11 spell levels left.
You knew the following spells:

 Your Spells              Type           Power        Failure   Level  Hunger
a - Beastly Appendage     Tmut           ####..       1%          1    None
b - Sticks to Snakes      Tmut           ####....     1%          2    None
c - Spider Form           Tmut/Pois      ###.......   5%          3    ##.....
d - Blade Hands           Tmut           ####......   16%         5    #####..

Your spell library contained the following spells:

 Spells                   Type           Power        Failure   Level  Hunger
 Animate Skeleton         Necr           N/A          12%         1    None
 Apportation              Tloc           #.....       12%         1    None
 Corona                   Hex            #......      12%         1    None
 Summon Small Mammal      Summ           #...         12%         1    None
 Ice Form                 Ice/Tmut       ###.....     26%         4    ####...


Dungeon Overview and Level Annotations

Branches:
Dungeon (11/15)            Temple (1/1) D:5            Lair (0/6) D:9
  Sewer (visited)           IceCv (1/1)
    Orc: D:9-12

Altars:
Cheibriados
Dithmenos
Fedhas
Gozag
Hepliaklqana
Kikubaaqudgha
Nemelex Xobeh
Okawaru
Qazlal
Ru
Sif Muna
Trog
Uskayaw
Vehumet
Wu Jian
Xom
Yredelemnul
Zin
The Shining One

Annotations:
D:6 exclusion: downstairs
D:9 exclusion: hippogriff
D:11 exclusion: cyclops IceCv exclusion: 3 ice statues


Innate Abilities, Weirdness & Mutations

You cannot wear most types of armour.
You are very stealthy in the water. (Stealth+)
You are amphibious.
You can wear up to eight rings at the same time.
You can use your tentacles to constrict eight enemies at once.
Your skin changes colour to match your surroundings (Stealth+).
Your rubbery body absorbs attacks. (AC +1, EV +1)


Message History

The ice statue is severely damaged.
You are engulfed in freezing vapours.
* * * LOW HITPOINT WARNING * * *
The ice beast hits you but does no damage.
The ice statue gestures.
You bludgeon the ice statue!
You squeeze the ice statue, but do no damage.
The ice statue is almost destroyed.
You are engulfed in freezing vapours.
* * * LOW HITPOINT WARNING * * *
You barely miss the ice statue.
The ice statue is almost destroyed.
The ice beast hits you.
* * * LOW HITPOINT WARNING * * *
The ice beast freezes you!
* * * LOW HITPOINT WARNING * * *
The ice statue gestures at you. The bolt of cold hits you!!
You die...
Your body crumbles into a pile of gold.

###8###
##.....##
##.......##
#.........#
#....Y....#
#...Y....°#
#....Y..Y.#
#8....°°@8#
#####.#####
#.(.....))#
#........[#
#.........#
#.........#
#.........#
##.......##
##.....##


You could see 3 ice statues and 4 ice beasts.

Vanquished Creatures
  A two-headed ogre (D:11)
  An ugly thing (IceCv)
  A gargoyle (D:11)
  A kobold demonologist (D:10)
  2 trolls (D:10)
  2 hippogriffs
  A shadow (D:7)
  2 wyverns
  2 yaks (D:10)
  2 basilisks (D:9)
  2 water moccasins
  7 ice beasts
  3 eyes of draining
  A slave (D:8)
  2 orc warriors
  2 sky beasts
  2 necrophages
  4 ogres
  3 phantoms
  4 centaurs
  2 big kobolds (D:7)
  8 bullfrogs
  2 killer bees (D:9)
  A scorpion (D:5)
  3 howler monkeys
  9 wights (D:10)
  3 crimson imps
  A bullfrog zombie (D:5)
  A quasit (D:10)
  2 centaur zombies
  4 hounds
  6 orc priests
  3 jellies
  5 iguanas
  4 orc wizards
  12 worker ants
  3 gnolls (D:5)
  14 adders
  3 river rats (Sewer)
  A shadow imp (D:6)
  2 oozes
  2 adder zombies (D:7)
  An adder skeleton (D:5)
  3 worms
  3 dart slugs
  7 leopard geckos
  26 orcs
  9 giant cockroaches
  5 goblins
  2 hobgoblins
  18 jackals
  7 quokkas
  5 ball pythons (Sewer)
  7 bats
  7 frilled lizards
  23 kobolds
  A leopard gecko zombie (D:7)
  34 rats
294 creatures vanquished.

Vanquished Creatures (others)
  A plant (D:3)
1 creature vanquished.

Grand Total: 295 creatures vanquished

Notes
Turn   | Place    | Note
-------+----------+-------------------------------------------
     0 | D:1      | H0rd4k the Octopode Transmuter began the quest for the Orb.
     0 | D:1      | Reached XP level 1. HP: 13/13 MP: 3/3
   281 | D:1      | Reached skill level 1 in Stealth
   281 | D:1      | Reached XP level 2. HP: 14/18 MP: 5/5
   924 | D:1      | Reached XP level 3. HP: 23/23 MP: 6/6
   982 | D:1      | Learned a level 2 spell: Sticks to Snakes
   986 | D:1      | Learned a level 3 spell: Spider Form
  1416 | D:2      | Reached XP level 4. HP: 28/28 MP: 7/7
  1479 | D:2      | Found a hide-covered altar of Uskayaw.
  2606 | D:3      | Reached XP level 5. HP: 32/33 MP: 8/8
  2651 | D:3      | Reached skill level 4 in Unarmed Combat
  2967 | D:3      | HP: 1/33 [orc/+2 short sword of protection (6)]
  3547 | D:3      | Found a faded altar of an unknown god.
  3596 | D:3      | Found an ancient bone altar of Kikubaaqudgha.
  3596 | D:3      | Found a blossoming altar of Fedhas.
  4142 | D:4      | Reached XP level 6. HP: 24/38 MP: 8/10
  4167 | D:4      | Found a glowing drain.
  4296 | Sewer    | Entered a sewer
  5522 | D:4      | Reached skill level 5 in Unarmed Combat
  5533 | D:4      | Found a sacrificial altar of Ru.
  5631 | D:4      | Reached XP level 7. HP: 43/43 MP: 7/11
  6000 | D:5      | Entered Level 5 of the Dungeon
  6088 | D:5      | Reached skill level 5 in Stealth
  6493 | D:5      | Found a sparkling altar of Nemelex Xobeh.
  6507 | D:5      | Reached XP level 8. HP: 25/48 MP: 11/13
  6524 | D:5      | Found a stormy altar of Qazlal.
  6918 | D:5      | Reached skill level 6 in Unarmed Combat
  7301 | D:5      | Found a staircase to the Ecumenical Temple.
  7519 | Temple   | Entered the Ecumenical Temple
  7560 | Temple   | Became a worshipper of Gozag Ym Sagoz the Greedy
  7664 | D:6      | Found a shimmering blue altar of Sif Muna.
  8069 | D:6      | Found a shadowy altar of Dithmenos.
  8216 | D:7      | Reached skill level 1 in Evocations
  8229 | D:7      | Reached skill level 5 in Transmutations
  8314 | D:7      | Noticed a shadow
  8417 | D:7      | HP: 1/50 [something (26)]
  8421 | D:7      | Killed a shadow
  8421 | D:7      | Reached skill level 7 in Unarmed Combat
  8421 | D:7      | Reached XP level 9. HP: 36/54 MP: 13/16
  8713 | D:7      | Found a bloodstained altar of Trog.
  8729 | D:7      | Reached skill level 5 in Spellcasting
  9300 | D:7      | Found a shimmering altar of Xom.
  9307 | D:7      | Noticed a troll
  9536 | D:7      | Found a hazy altar of Hepliaklqana.
  9596 | D:8      | Reached skill level 8 in Unarmed Combat
 10604 | D:9      | Reached XP level 10. HP: 55/61 MP: 16/18
 10637 | D:9      | Reached skill level 9 in Unarmed Combat
 11382 | D:9      | Found a staircase to the Lair.
 11428 | D:10     | Entered Level 10 of the Dungeon
 11742 | D:10     | Noticed a kobold demonologist
 11747 | D:10     | Noticed an orange demon
 11748 | D:10     | Killed a kobold demonologist
 11910 | D:10     | Found a shimmering altar of Xom.
 12743 | D:10     | Reached skill level 10 in Unarmed Combat
 12947 | D:10     | Reached skill level 1 in Poison Magic
 13140 | D:11     | Noticed a gargoyle
 13164 | D:11     | Killed a gargoyle
 13164 | D:11     | Reached skill level 5 in Fighting
 13164 | D:11     | Reached XP level 11. HP: 51/71 MP: 18/20
 13203 | D:11     | Noticed a cyclops
 13249 | D:11     | Noticed a two-headed ogre
 13313 | D:11     | Killed a two-headed ogre
 13530 | D:11     | Found a frozen archway.
 13551 | IceCv    | Entered an ice cave
 13569 | IceCv    | Learned a level 5 spell: Blade Hands
 13968 | IceCv    | Noticed a white ugly thing
 13977 | IceCv    | Killed a white ugly thing
 13977 | IceCv    | Reached skill level 11 in Unarmed Combat
 14133 | IceCv    | HP: 5/108 [ice beast[an ice statue] (8)]
 14133 | IceCv    | Killed from afar by an ice statue

Illustrated notes

Levels and vault maps discovered:
D:1:      lemuel_arrival_broad_hall, layout_basic
D:2:      layout_loops_ring, lemuel_coloured_pillars_altar
D:3:      layout_basic, grunt_temple_overflow_growth_and_decay,
          chequers_ecumenical_altar_twisty, first_ration
D:4:      layout_loops_ring, kennysheep_little_box, gup_sewer_entry_glass
D:5:      layout_rooms, grunt_qazlal_clouds, temple_pool_b,
          nemelex_xobeh_ov_fountains_minmay
D:6:      layout_basic, grunt_dithmenos_shadows, led_sif_pool
D:7:      layout_loops_ring, kennysheep_mini, trog_eyes_of_draining,
          lemuel_round_altar, nicolae_overflow_hidden_temple
D:8:      layout_cave_pods, grunt_ogre_cave, uniq_pikel
D:9:      layout_stronghold, david_lair_generic
D:10:     layout_basic, basic_altar, minmay_circle_x
D:11:     layout_stronghold, portal_ice_cave_entry_pillars_2, uniq_erolcha,
          uniq_sonja, uniq_maurice
Temple:   eino_wide_crystal_templ
IceCv:    ice_cave_statue_garden_chambered

Skill      XL: |  1  2  3  4  5  6  7  8  9 10 11 |
---------------+----------------------------------+-----
Stealth        | 1 2 3 4 5 6 7 8 |  8.1
Unarmed Combat | 4 5 7 8 10 11 | 11.0
Transmutations | 3 4 5 6 7 |  7.3
Spellcasting   | 3 4 5 6 |  6.4
Dodging        | 3 4 |  4.9
Evocations     | 1 2 |  2.5
Fighting       | 2 5 |  5.5
Poison Magic   | 1 |  1.4
Throwing       | |  0.1

Action                   |  1- 3 |  4- 6 |  7- 9 | 10-12 || total
-------------------------+-------+-------+-------+-------++-------
Melee: Unarmed           |    67 |   263 |   274 |   195 ||   799
       Tentacles         |     7 |    37 |    55 |    49 ||   148
       Constrict         |    17 |    60 |    49 |    27 ||   153
       Punch             |     1 |     9 |    12 |    13 ||    35
       Kick              |       |    28 |    77 |    69 ||   174
Throw: Dart              |       |       |     1 |     1 ||     2
 Cast: Beastly Appendage |     1 |    19 |    44 |    29 ||    93
       Spider Form       |       |     1 |     3 |     6 ||    10
Evoke: Wand              |       |       |     7 |    19 ||    26
  Use: Potion            |     3 |     1 |     5 |     3 ||    12
       Scroll            |       |       |    12 |     4 ||    16
 Stab: Sleeping          |    10 |    16 |    17 |     5 ||    48
       Distracted        |       |     1 |       |     1 ||     2
  Eat: Chunk             |     1 |    14 |     7 |       ||    22
       Ration            |       |       |     3 |     3 ||     6
Armor: Skin              |     5 |    39 |    39 |    16 ||    99
Dodge: Dodged            |    48 |   174 |   144 |    91 ||   457
